 Dungeon Crawl Stone Soup version 0.28.0-45-g0d030f2227 (webtiles) character file.

Game seed: 7568870281950698727

144 Ablot the Grasshopper (level 5, 0/64 HPs)
             Began as a Gnoll Warper on Apr 9, 2022.
             Slain by a ball python (1 damage)
             ... on level 3 of the Dungeon.
             The game lasted 00:02:52 (2648 turns).

Ablot the Grasshopper (Gnoll Warper)                Turns: 2648, Time: 00:02:54

Health: 0/64       AC: 22    Str: 13    XL:     5   Next: 26%
Magic:  12/12      EV: -1    Int: 18    God:
Gold:   78         SH:  0    Dex: 11    Spells: 12/14 levels left

rFire   . . .      SeeInvis .   a - +0 spear
rCold   . . .      Faith    .   (no shield)
rNeg    . . .      Spirit   .   (armour currently unavailable)
rPois   +          Reflect  .   (helmet currently unavailable)
rElec   .          Harm     .   (cloak currently unavailable)
rCorr   .          Rampage  .   (gloves currently unavailable)
Will    .....      NoTele   +   (boots currently unavailable)
Stlth   ++........              (no amulet)
HPRegen 0.20/turn               b - +6 ring of intelligence
MPRegen 0.13/turn               (no ring)

@: lethally poisoned (0 -> -2), tree-form, constricted
A: stationary, stasis, torment immunity, boosted hp, (fangs 1), strong nose,
distributed training
a: no special abilities


You were on level 3 of the Dungeon.
You were a tree.
You visited 1 branch of the dungeon, and saw 3 of its levels.

You collected 78 gold pieces.

Inventory:

Hand Weapons
 a - a +0 spear (weapon)
Missiles
 d - 5 boomerangs of dispersal (quivered)
 e - 24 stones
 h - 9 arrows
 p - 6 bolts
Armour
 q - the +0 robe of Words of Power (melded) {rElec rPois rN+}
   (You took it off a goblin on level 2 of the Dungeon)

   rElec:     It insulates you from electricity.
   rPois:     It protects you from poison.
   rN:        It protects you from negative energy.
Jewellery
 b - a +6 ring of intelligence (left branch)
Wands
 s - a wand of digging (2)
Scrolls
 c - a scroll of blinking
 f - 3 scrolls of magic mapping {unknown}
 g - a scroll of identify {unknown}
 i - a scroll of amnesia {unknown}
 k - a scroll of noise {unknown}
 l - a scroll of silence {unknown}
 m - a scroll of fog {unknown}
 o - a scroll of immolation {unknown}
Potions
 n - a potion of lignification
 r - a potion of degeneration {unknown}


   Skills:
 + Level 4.7 Fighting
 + Level 1.4 Short Blades
 + Level 1.4 Long Blades
 + Level 1.4 Axes
 + Level 1.4 Maces & Flails
 + Level 4.7 Polearms
 + Level 1.4 Staves
 + Level 1.4 Slings
 + Level 1.4 Bows
 + Level 1.4 Crossbows
 + Level 2.9 Throwing
 + Level 2.9 Armour
 + Level 4.7 Dodging
 + Level 1.4 Stealth
 + Level 1.4 Shields
 + Level 1.4 Unarmed Combat
 + Level 5.2 Spellcasting
 + Level 1.1 Conjurations
 + Level 1.1 Hexes
 + Level 1.1 Summonings
 + Level 1.1 Necromancy
 + Level 5.5 Translocations
 + Level 1.1 Transmutations
 + Level 1.1 Fire Magic
 + Level 1.1 Ice Magic
 + Level 1.1 Air Magic
 + Level 1.1 Earth Magic
 + Level 1.1 Poison Magic
 + Level 1.6 Invocations
 + Level 1.4 Evocations


You had 12 spell levels left.
You knew the following spells:

 Your Spells              Type           Power      Damage    Failure   Level
a - Blink                 Tloc           48%        N/A       1%          2

Your spell library contained the following spells:

 Spells                   Type           Power      Damage    Failure   Level
 Gell's Gravitas          Tloc           24%        N/A       4%          3
 Lesser Beckoning         Tloc           24%        N/A       4%          3
 Teleport Other           Tloc           24%        N/A       4%          3
 Manifold Assault         Tloc           24%        N/A       36%         5


Dungeon Overview and Level Annotations

Branches:
Dungeon (3/15)

Altars:

Annotations:
D:2 Sigmund


Innate Abilities, Weirdness & Mutations

You are a tree.
Your roots penetrate the ground, keeping you stationary.
You cannot be teleported.
You are immune to unholy pain and torment.
Your maximum health is greatly increased.
Your equipment is partially melded.
((You have very sharp teeth.))
Your uncanny sense of smell can sniff out nearby items.
Your experience applies equally to all skills.


Message History

The adder bites you.
* * * LOW HITPOINT WARNING * * *
You are more poisoned.
The adder poisons you! The ball python bites you.
* * * LOW HITPOINT WARNING * * *
The ball python constricts you.
You hit the adder.
You kill the adder!
You feel sick.
The ball python bites you but does no damage.
The ball python constricts you.
* * * LOW HITPOINT WARNING * * *
Unknown command.
You hit the ball python. You bite the ball python.
The ball python is severely wounded.
You feel sick. The ball python bites you.
* * * LOW HITPOINT WARNING * * *
The ball python constricts you.
* * * LOW HITPOINT WARNING * * *
Unknown command.
It was a potion of lignification.
You turn into a tree.
The +0 robe of Words of Power {rElec rPois rN+} melds into your body.
Your roots penetrate the ground.
You feel sick. The ball python bites you.
* * * LOW HITPOINT WARNING * * *
The ball python constricts you.
Unknown command.
You closely miss the ball python.
The ball python is severely wounded.
* * * LOW HITPOINT WARNING * * *
You feel sick.
The ball python bites you but does no damage.
The ball python constricts you.
It was a potion of magic.
Magic courses through your body.
* * * LOW HITPOINT WARNING * * *
You feel sick.
The ball python bites you but does no damage.
The ball python constricts you.
* * * LOW HITPOINT WARNING * * *
The ball python bites you.
You die...

##.##
##...## ♣♣ ∆
##.....##...
∆
#...........
#...........
#...# ##w##
#S## #♣†#
#♣.# .# ##


You could see a dart slug and a ball python.

Vanquished Creatures
  Natasha (thrice) (D:2)
  An adder (D:3)
  2 dart slugs
  8 endoplasms
  6 giant cockroaches (D:1)
  6 goblins
  A hobgoblin (D:2)
  9 jackals (D:1)
  4 kobolds
  2 ball pythons
  5 bats
  2 frilled lizards
  6 rats
55 creatures vanquished.

Notes
Turn   | Place    | Note
-------+----------+-------------------------------------------
     0 | D:1      | Ablot the Gnoll Warper began the quest for the Orb.
     0 | D:1      | Reached XP level 1. HP: 20/20 MP: 6/6
    27 | D:1      | Found a faded altar of an unknown god.
   101 | D:1      | Reached XP level 2. HP: 11/26 MP: 7/7
   106 | D:1      | Learned a level 2 spell: Blink
   788 | D:1      | Reached XP level 3. HP: 29/31 MP: 9/9
   796 | D:1      | Reached skill level 5 in Spellcasting
   946 | D:1      | Reached skill level 1 in Invocations
  1524 | D:2      | Reached skill level 1 in Short Blades
  1524 | D:2      | Reached skill level 1 in Long Blades
  1524 | D:2      | Reached skill level 1 in Axes
  1524 | D:2      | Reached skill level 1 in Maces & Flails
  1524 | D:2      | Reached skill level 1 in Staves
  1524 | D:2      | Reached skill level 1 in Slings
  1524 | D:2      | Reached skill level 1 in Bows
  1524 | D:2      | Reached skill level 1 in Crossbows
  1524 | D:2      | Reached skill level 1 in Stealth
  1524 | D:2      | Reached skill level 1 in Shields
  1524 | D:2      | Reached skill level 1 in Unarmed Combat
  1524 | D:2      | Reached skill level 1 in Evocations
  1548 | D:2      | Noticed Sigmund
  1578 | D:1      | Reached XP level 4. HP: 27/38 MP: 11/11
  1720 | D:2      | Noticed Natasha
  1730 | D:2      | HP: 1/38 [Natasha (1)]
  1731 | D:2      | Killed Natasha
  2039 | D:2      | Noticed Natasha
  2047 | D:2      | Killed Natasha
  2048 | D:2      | Reached skill level 1 in Conjurations
  2048 | D:2      | Reached skill level 1 in Hexes
  2048 | D:2      | Reached skill level 1 in Summonings
  2048 | D:2      | Reached skill level 1 in Necromancy
  2048 | D:2      | Reached skill level 1 in Transmutations
  2048 | D:2      | Reached skill level 1 in Fire Magic
  2048 | D:2      | Reached skill level 1 in Ice Magic
  2048 | D:2      | Reached skill level 1 in Air Magic
  2048 | D:2      | Reached skill level 1 in Earth Magic
  2048 | D:2      | Reached skill level 1 in Poison Magic
  2119 | D:2      | Identified the +0 robe of Words of Power {rElec rPois rN+}
  2298 | D:2      | Noticed Natasha
  2312 | D:2      | Killed Natasha
  2313 | D:2      | Reached XP level 5. HP: 23/43 MP: 12/12
  2647 | D:3      | HP: 3/64 [poisoned by an adder]
  2648 | D:3      | HP: 1/64 [constriction (1)]
  2648 | D:3      | Slain by a ball python

Illustrated notes

Levels and vault maps discovered:
D:1:      dpeg_arrival_rooms_b, layout_basic,
          shapermc_ecumenical_altar_acropolis, minmay_pentomino_w4
D:2:      layout_loops_cross, hangedman_decor_opposing, uniq_natasha,
          uniq_sigmund
D:3:      layout_loops_ring, mainiacjoe_overflow_catwalk_spiral, serial_forest,
          infiniplex_forest_end_double, infiniplex_forest_straight_5,
          infiniplex_forest_join, infiniplex_forest_split,
          infiniplex_forest_straight_5, infiniplex_forest_end_3,
          infiniplex_forest_clump_cross, infiniplex_forest_lined_2,
          infiniplex_forest_pool, supply_closet_lemuel, minmay_distorted

Skill      XL: |  1  2  3  4 |
---------------+-------------+-----
Spellcasting   | 5 |  5.2
Invocations    | 1 |  1.6
Short Blades   | 1 |  1.4
Long Blades    | 1 |  1.4
Axes           | 1 |  1.4
Maces & Flails | 1 |  1.4
Staves         | 1 |  1.4
Slings         | 1 |  1.4
Bows           | 1 |  1.4
Crossbows      | 1 |  1.4
Stealth        | 1 |  1.4
Shields        | 1 |  1.4
Unarmed Combat | 1 |  1.4
Evocations     | 1 |  1.4
Conjurations   | 1 |  1.1
Hexes          | 1 |  1.1
Summonings     | 1 |  1.1
Necromancy     | 1 |  1.1
Transmutations | 1 |  1.1
Fire Magic     | 1 |  1.1
Ice Magic      | 1 |  1.1
Air Magic      | 1 |  1.1
Earth Magic    | 1 |  1.1
Poison Magic   | 1 |  1.1
Fighting       | |  4.7
Polearms       | |  4.7
Throwing       | |  2.9
Armour         | |  2.9
Dodging        | |  4.7
Translocations | |  5.5

Action                   |  1- 3 |  4- 6 || total
-------------------------+-------+-------++-------
Melee: Spear             |   183 |    57 ||   240
       Bite              |    12 |     8 ||    20
  Use: Potion            |       |     2 ||     2
 Stab: Sleeping          |     2 |       ||     2
Armor: Leather armour    |    43 |     5 ||    48
       Robe              |       |     3 ||     3
       Skin              |       |     2 ||     2
Dodge: Dodged            |    84 |    26 ||   110
